 Dungeon Crawl Stone Soup version 0.17-a0-1850-g688e747 (webtiles) character file.

23 derrpe the Magician (level 3, -3/23 HPs)
             Began as an Octopode Wizard on Sept 19, 2015.
             Slain by an adder (4 damage)
             ... on level 2 of the Dungeon.
             The game lasted 00:01:39 (1032 turns).

derrpe the Magician (Octopode Wizard)               Turns: 1032, Time: 00:01:39

Health: -3/23      AC:  1    Str:  6    XL:     3   Next: 0%
Magic:  0/7        EV: 12    Int: 21    God:
Gold:   38         SH:  0    Dex: 10    Spells: 1 memorised, 7 levels left

rFire  . . .     SeeInvis .     h - +0 spear
rCold  . . .     Clarity  .     (no shield)
rNeg   . . .     SustAt   .     a - +0 hat
rPois  .         Gourm    .     (no amulet)
rElec  .         Spirit   .     (no ring)
rCorr  .         Warding  .     (no ring)
rMut   .         Stasis   .     (no ring)
MR     .....                    (no ring)
Stlth  +++.......               (no ring)
                                (no ring)
                                (no ring)
                                (no ring)

@: lethally poisoned (-3 -> -6), very slightly contaminated, not resistant to
hostile enchantments, fairly stealthy
A: almost no armour, amphibious, 8 rings, constrict 8, camouflage 1, gelatinous
body 1
a: no special abilities


You were on level 2 of the Dungeon.
You were not hungry.

You visited 1 branch of the dungeon, and saw 2 of its levels.

You collected 38 gold pieces.

Inventory:

Hand weapons
 h - a +0 spear (weapon)
Armour
 a - a +0 hat (worn)
Jewellery
 i - a +5 ring of protection {unknown}
Scrolls
 d - a scroll of remove curse {unknown}
 e - 2 scrolls of teleportation {unknown}
 g - a scroll of identify {unknown}
Books
 b - a book of Minor Magic

   Spells                             Type                      Level
   a - Magic Dart                     Conjuration                  1
   b - Blink                          Translocation                2
   c - Call Imp                       Summoning                    2
   d - Repel Missiles                 Charms/Air                   2
   e - Slow                           Hexes                        2
   f - Conjure Flame                  Conjuration/Fire             3
   g - Mephitic Cloud                 Conjuration/Poison/Air       3
Comestibles
 c - a bread ration {@e1}
 f - 3 fruits


   Skills:
 + Level 1.4 Fighting
 + Level 2.1 Dodging
 + Level 3.0 Stealth
 - Level 3.0 Spellcasting
 * Level 1.8 Conjurations
   Level 1.0 Summonings
   Level 1.0 Translocations


You had 7 spell levels left.
You knew the following spells:

 Your Spells              Type           Power        Failure   Level  Hunger
a - Magic Dart            Conj           ##..         8%          1    None


Dungeon Overview and Level Annotations

Branches:
Dungeon (2/15)

Altars:
Ashenzari
Trog


Innate Abilities, Weirdness & Mutations

You cannot wear most types of armour.
You are amphibious.
You can wear up to eight rings at the same time.
You can use your tentacles to constrict eight enemies at once.
Your skin changes colour to match your surroundings (Stealth).
Your rubbery body absorbs attacks (AC +1).


Message History

Casting: Magic Dart
Confirm with . or Enter, or press ? or * to list all spells.
Aiming: Magic Dart
Press: ? - help, Shift-Dir - straight line, f/p - adder
Aim: an adder (moderately wounded)
The magic dart hits the adder.
The adder is severely wounded.
The adder closely misses you. The giant newt completely misses you.
You hit the adder. Your grab misses the adder.
The adder is almost dead.
The adder bites you.
* * * LOW HITPOINT WARNING * * *
The giant newt bites you.
* * * LOW HITPOINT WARNING * * *
The adder bites you but does no damage.
You barely miss the adder. Your grab misses the adder.
The adder is almost dead.
* * * LOW HITPOINT WARNING * * *
You feel sick. The adder bites you.
You die...

...# # #.#.
#.#####....
.......... .#
....[..#.# .#
.......#.## .#
......l?..##.##
#.@......###
#.S#$##.....
....##..#.#.#
#.##...##.#)..#
##.........#
#.$.......#
#.#.....#.# #
#.....#.#
##.###.#.....#.#


You could see an adder and a giant newt.

Vanquished Creatures
  An adder (D:2)
  A giant gecko (D:1)
  3 goblins (D:1)
  3 kobolds
  3 bats (D:1)
  A giant newt (D:1)
  2 rats
14 creatures vanquished.

Notes
Turn   | Place    | Note
--------------------------------------------------------------
     0 | D:1      | derrpe the Octopode Wizard began the quest for the Orb.
     0 | D:1      | Reached XP level 1. HP: 11/11 MP: 4/4
    97 | D:1      | Found a shattered altar of Ashenzari.
   330 | D:1      | Reached XP level 2. HP: 16/18 MP: 3/6
   564 | D:1      | Reached skill level 1 in Fighting
   812 | D:2      | Found a bloodstained altar of Trog.
  1023 | D:2      | Reached XP level 3. HP: 23/23 MP: 3/7
  1032 | D:2      | HP: 1/23 [poisoned by an adder]
  1032 | D:2      | Slain by an adder

Vault maps used:
D:1:      co_arrival_random_square_maze, evilmike_ruin_ashenzari
D:2:      bloody_trog, first_bread

Action                   || total
-------------------------++-------
Melee: Short sword       ||     7
       Spear             ||     4
 Cast: Magic Dart        ||    34
  Use: Potion            ||     1
